 Dungeon Crawl Stone Soup version 0.22-a0-159-g7ce444f (webtiles) character file.

122148 Azzok the Covert (level 16, 0/124 HPs)
             Began as a Gnoll Enchanter on Feb 9, 2018.
             Was a High Priest of Vehumet.
             Killed from afar by a frost giant (31 damage)
             ... with a bolt of cold
             ... on level 2 of the Shoals.
             The game lasted 02:02:08 (33494 turns).

Azzok the Covert (Gnoll Enchanter)                 Turns: 33494, Time: 02:02:09

Health: 0/124      AC: 18    Str: 10    XL:     16   Next: 86%
Magic:  2/31       EV: 21    Int: 25    God:    Vehumet [*****.]
Gold:   1967       SH:  7    Dex: 16    Spells: 2/38 levels left

rFire    + + .     SeeInvis .   a - +0 dagger (elec)
rCold    + . .     Gourm    .   m - +0 buckler
rNeg     . . .     Faith    .   y - +2 robe {MR+}
rPois    .         Spirit   .   Q - +0 helmet of Kaovaeno {Slay+4}
rElec    .         Reflect  .   R - scarf {rC+ rF+}
rCorr    .         Harm     .   C - +2 pair of gloves
MR       ++...                  t - +2 pair of boots {Fly}
Stlth    +++++.....             w - amulet of regeneration
HPRegen  0.70/turn              g - +5 ring of protection
MPRegen  0.22/turn              c - ring of protection from fire

@: flying
A: distributed training, fangs 1, strong nose
a: Renounce Religion, Stop Flying


You were on level 2 of the Shoals.
You worshipped Vehumet.
Vehumet was extremely pleased with you.
You were hungry.

You visited 6 branches of the dungeon, and saw 27 of its levels.
You also visited: Sewer, Ice Cave and Volcano.

You collected 2458 gold pieces.
You spent 491 gold pieces at shops.

Inventory:

Hand Weapons
 a - a +0 dagger of electrocution (weapon)
 b - a +1 dagger of holy wrath
Armour
 m - a +0 buckler (worn)
 t - a +2 pair of boots of flying (worn)
 y - a +2 robe of magic resistance (worn)
 C - a +2 pair of gloves (worn)
 F - a +2 robe of positive energy
 Q - the +0 helmet of Kaovaeno (worn) {Slay+4}
   (You found it in a volcano)

   It affects your accuracy and damage with ranged weapons and melee attacks
   (+4).
 R - a scarf of resistance (worn)
Jewellery
 c - a ring of protection from fire (right hand)
 g - a +5 ring of protection (left hand)
 q - an uncursed ring of flight
 w - an amulet of regeneration (around neck)
 L - an uncursed ring of resist corrosion
 T - an uncursed ring of protection from cold
 U - an uncursed ring of protection from cold
 Y - an uncursed ring of wizardry
Wands
 j - a wand of digging (71)
Scrolls
 e - 5 scrolls of fog
 f - 5 scrolls of magic mapping
 l - a scroll of amnesia
 p - 5 scrolls of teleportation
 x - 9 scrolls of remove curse
 B - 2 scrolls of identify
 D - a scroll of blinking
 K - 6 scrolls of fear
 O - a scroll of silence
Potions
 h - 8 potions of lignification
 i - 2 potions of agility
 k - 4 potions of haste
 n - 3 potions of mutation {!q}
 o - 2 potions of might
 r - 4 potions of heal wounds
 s - 8 potions of flight
 v - 4 potions of curing
 z - 2 potions of magic
 G - 5 potions of resistance
 H - a potion of brilliance
 N - 3 potions of berserk rage
Books
 u - a book of Fire

   Spells                             Type                      Level
   a - Ignite Poison                  Fire/Transmutation/Poison    3
   b - Fireball                       Conjuration/Fire             5
   c - Bolt of Fire                   Conjuration/Fire             6
   d - Ring of Flames                 Charms/Fire                  7
   e - Ignition                       Fire                         8
Miscellaneous
 S - a fan of gales
Comestibles
 d - 36 rations


   Skills:
 + Level 10.9 Fighting
 + Level 11.2 Short Blades
 + Level 10.9 Long Blades
 + Level 10.9 Axes
 + Level 10.9 Maces & Flails
 + Level 10.9 Polearms
 + Level 10.9 Staves
 + Level 10.9 Slings
 + Level 10.9 Bows
 + Level 10.9 Crossbows
 + Level 10.9 Throwing
 + Level 10.9 Armour
 + Level 11.7 Dodging
 + Level 12.2 Stealth
 + Level 10.9 Shields
 + Level 10.9 Unarmed Combat
 + Level 11.9 Spellcasting
 + Level 9.3 Conjurations
 + Level 10.7 Hexes
 + Level 9.3 Charms
 + Level 9.3 Summonings
 + Level 9.3 Necromancy
 + Level 9.3 Translocations
 + Level 9.3 Transmutations
 + Level 9.3 Fire Magic
 + Level 9.3 Ice Magic
 + Level 9.3 Air Magic
 + Level 9.3 Earth Magic
 + Level 9.3 Poison Magic
 + Level 11.8 Invocations
 + Level 10.9 Evocations


You had 2 spell levels left.
You knew the following spells:

 Your Spells              Type           Power        Failure   Level  Hunger
a - Corona                Hex            ######.      1%          1    None
b - Ensorcelled Hibernat  Hex/Ice        ######       1%          2    None
c - Confuse               Hex            ######..     1%          3    None
d - Bolt of Magma         Conj/Fire/Erth ######....   1%          5    ###....
e - Poison Arrow          Conj/Pois      ######....   3%          6    #####..
f - Bolt of Fire          Conj/Fire      ######....   3%          6    #####..
g - Spellforged Servitor  Conj/Summ      ######....   19%         7    ######.
h - Iron Shot             Conj/Erth      ######....   3%          6    #####..


Dungeon Overview and Level Annotations

Branches:
Dungeon (15/15)            Temple (1/1) D:4            Lair (6/6) D:8
 Shoals (2/4) Lair:4       Spider (0/4) Lair:2        Slime (0/5) Lair:5
    Orc (2/2) D:9             Elf (0/3) Orc:2        Vaults (0/5) D:13
 Depths (1/5) D:15

Altars:
Ashenzari
Cheibriados
Dithmenos
Elyvilon
Fedhas
Gozag
Hepliaklqana
Kikubaaqudgha
Makhleb
Nemelex Xobeh
Okawaru
Qazlal
Ru
Sif Muna
Trog
Uskayaw
Vehumet
Wu Jian
Xom
Yredelemnul
Zin
The Shining One
Beogh
Jiyva

Shops:
D:14 (   Orc:2 :[??

Portals:
Pandemonium: Orc:2

Annotations:
D:14 Agnes
Lair:2 exclusion: oklob plant
Shoals:2 Nikola


Innate Abilities, Weirdness & Mutations

Your experience applies equally to all skills.
You have very sharp teeth.
Your uncanny sense of smell can sniff out nearby items.


Message History

Confirm with . or Enter, or press ? or * to list all spells.
Okay, then.
Casting: Iron Shot (safe; 3% risk of failure)
Confirm with . or Enter, or press ? or * to list all spells.
Aiming: Corona (safe; 1% risk of failure)
Press: ? - help, Shift-Dir - straight line, f/p - frost giant
Aim: a frost giant, wielding a battleaxe of freezing (almost dead, chance to defeat MR: 38%)
The frost giant is outlined in light.
* * * LOW MAGIC WARNING * * *
The frost giant hits you with a battleaxe of freezing!
* * * LOW HITPOINT WARNING * * *
The frost giant freezes you.
* * * LOW HITPOINT WARNING * * *
You feel much better.
The frost giant gestures at you while chanting.
The bolt of cold hits you! You resist.
* * * LOW HITPOINT WARNING * * *
The frost giant points at you and mumbles some strange words.
The bolt of cold hits you! You resist.
You die...

··≈≈≈≈≈ ··≈≈≈≈≈ ▒▒▒▒
▒▒·≈≈≈≈≈≈
▒▒··▒▒▒··≈≈≈≈P≈ ≈·(· ∆
▒·······≈≈≈≈≈P· ≈≈··
···▒▒▒(·<·†≈≈≈≈≈≈≈··
≈··▒
·▒····÷··(·≈≈≈≈≈····
···▒
···▒··≈·≈≈≈C(≈(······
···
▒▒·········≈@§≈≈······▒
··▒
·······▒·····§≈·····▒▒▒
··▒▒······
▒▒▒··········▒
≈····≈···≈
▒·······▒▒··▒
≈<······≈≈ (·▒·····▒▒
▒···
·····[≈≈≈··········▒
····
·····≈≈≈≈···≈·≈≈···▒
···
····▒▒·≈≈≈≈≈≈≈··≈···
≈··▒▒ ·≈≈


You could see a frost giant.

Vanquished Creatures
  Rupert (D:15)
  Kirke (Lair:4)
  Gastronok (Lair:3)
  A fire giant (D:15)
  2 orc warlords (Orc:2)
  Nessos (D:15)
  A red draconian (Volcano)
  A white draconian (IceCv)
  A fire dragon (D:15)
  An ogre mage (D:15)
  7 hydras
  An ice dragon (Lair:6)
  2 catoblepae (Lair:6)
  4 centaur warriors
  A merfolk avatar (Shoals:2)
  2 dancing weapons (D:13)
  The ghost of 4thArraOfDagon the Ripper, a journeyman FeAr of Elyvilon (Lair:6)
  11 two-headed ogres
  A death knight (D:14)
  3 tengu warriors
  4 death yaks
  Urug (Orc:1)
  2 orc high priests
  A sun demon (Orc:2)
  5 skeletal warriors
  A salamander mystic (Volcano)
  An infernal demonspawn (Orc:2)
  2 unseen horrors
  A gelid demonspawn (Orc:2)
  A torturous demonspawn (Orc:2)
  5 orc knights
  3 lindwurms (Lair:6)
  A deep elf mage (D:13)
  4 harpies
  The ghost of DEFE the Covert, a novice DEEn of Vehumet (D:7)
  13 orc sorcerers (Orc:2)
  5 manticores
  6 salamanders (Volcano)
  4 ugly things
  6 cyclopes
  2 elephants (Lair:6)
  2 black mambas
  A rust devil (Orc:2)
  A guardian serpent (shapeshifter) (D:13)
  A water nymph (Shoals:2)
  An ice statue (IceCv)
  2 gargoyles
  A centaur skeleton (D:12)
  6 torpor snails (Lair:6)
  7 spiny frogs
  5 rime drakes
  10 komodo dragons
  2 freezing wraiths (D:14)
  A red devil (Orc:2)
  A harpy zombie (D:14)
  7 hornets (Lair:6)
  8 trolls
  2 merfolk (Shoals:1)
  17 polar bears
  A wolf spider simulacrum (D:15)
  4 tyrant leeches (Lair:6)
  3 wind drakes (Shoals:1)
  17 blink frogs
  8 dream sheep
  16 hippogriffs
  A snapping turtle (Shoals:1)
  5 wyverns
  A vampire (D:12)
  A water elemental (Shoals:1)
  2 wraiths (D:15)
  2 basilisks
  56 yaks
  2 hogs (Lair:4)
  A chaos spawn (Orc:2)
  2 steam dragons
  5 hungry ghosts
  3 wargs (Orc:2)
  4 acid dragons
  20 water moccasins
  7 porcupines
  2 eyes of draining
  36 orc warriors
  3 black bears
  A phantom (D:4)
  2 sky beasts (D:13)
  8 ice beasts (Lair:4)
  A necrophage (D:9)
  27 wolves
  9 ogres
  21 centaurs
  13 crocodiles
  23 bullfrogs
  A big kobold (D:13)
  A wyvern zombie (D:13)
  A gnoll sergeant (D:12)
  A wyvern skeleton (D:14)
  A scorpion (D:4)
  11 killer bees
  An electric eel (Lair:5)
  29 wights
  7 howler monkeys
  3 crimson imps
  A quasit (D:8)
  4 jellies
  2 centaur zombies
  10 hounds
  19 orc priests
  19 orc wizards
  2 bullfrog skeletons
  7 iguanas
  A hell rat (Lair:6)
  11 worker ants
  A hound zombie (D:9)
  2 hound skeletons
  A mummy (D:8)
  4 gnolls (D:12)
  A howler monkey skeleton (D:4)
  14 adders
  6 shadow imps
  An ooze (D:1)
  An adder zombie (D:6)
  An adder skeleton (D:8)
  4 worms
  7 leopard geckos
  106 orcs
  A bat zombie (D:5)
  4 giant cockroaches
  2 goblins (D:3)
  7 hobgoblins
  15 jackals
  5 quokkas
  A ball python (D:2)
  17 bats
  4 frilled lizards
  A hobgoblin zombie (D:8)
  7 kobolds
  2 kobold zombies (D:8)
  A leopard gecko skeleton (D:8)
  An orc zombie (D:8)
  7 rats
851 creatures vanquished.

Vanquished Creatures (others)
  An orc (Orc:2)
  11 fungi
  22 plants
34 creatures vanquished.

Grand Total: 885 creatures vanquished

Notes
Turn   | Place    | Note
-------+----------+-------------------------------------------
     0 | D:1      | Azzok the Gnoll Enchanter began the quest for the Orb.
     0 | D:1      | Reached XP level 1. HP: 13/13 MP: 6/6
    82 | D:1      | Reached XP level 2. HP: 13/19 MP: 7/7
   246 | D:1      | Learned a level 2 spell: Ensorcelled Hibernation
   944 | D:1      | Reached XP level 3. HP: 25/25 MP: 9/9
   960 | D:1      | Learned a level 3 spell: Confuse
  1121 | D:1      | Reached skill level 5 in Spellcasting
  1246 | D:1      | Reached skill level 6 in Stealth
  1446 | D:2      | Found a basalt altar of Yredelemnul.
  1559 | D:2      | Reached skill level 1 in Invocations
  1696 | D:2      | Found a blossoming altar of Fedhas.
  1702 | D:2      | Found a glowing silver altar of Zin.
  1737 | D:2      | Found a faded altar of an unknown god.
  1918 | D:2      | Reached skill level 1 in Fighting
  1918 | D:2      | Reached skill level 1 in Long Blades
  1918 | D:2      | Reached skill level 1 in Axes
  1918 | D:2      | Reached skill level 1 in Maces & Flails
  1918 | D:2      | Reached skill level 1 in Polearms
  1918 | D:2      | Reached skill level 1 in Staves
  1918 | D:2      | Reached skill level 1 in Slings
  1918 | D:2      | Reached skill level 1 in Bows
  1918 | D:2      | Reached skill level 1 in Crossbows
  1918 | D:2      | Reached skill level 1 in Throwing
  1918 | D:2      | Reached skill level 1 in Armour
  1918 | D:2      | Reached skill level 1 in Shields
  1918 | D:2      | Reached skill level 1 in Unarmed Combat
  1918 | D:2      | Reached skill level 1 in Evocations
  2073 | D:2      | Reached XP level 4. HP: 32/32 MP: 8/11
  2309 | D:3      | Reached skill level 1 in Conjurations
  2309 | D:3      | Reached skill level 1 in Charms
  2309 | D:3      | Reached skill level 1 in Summonings
  2309 | D:3      | Reached skill level 1 in Necromancy
  2309 | D:3      | Reached skill level 1 in Translocations
  2309 | D:3      | Reached skill level 1 in Transmutations
  2309 | D:3      | Reached skill level 1 in Fire Magic
  2309 | D:3      | Reached skill level 1 in Ice Magic
  2309 | D:3      | Reached skill level 1 in Air Magic
  2309 | D:3      | Reached skill level 1 in Earth Magic
  2309 | D:3      | Reached skill level 1 in Poison Magic
  2344 | D:3      | Reached XP level 5. HP: 36/37 MP: 1/12
  2438 | D:3      | Found a glowing drain.
  2471 | Sewer    | Entered a sewer
  3900 | D:4      | Reached XP level 6. HP: 44/44 MP: 13/13
  3960 | D:4      | Reached skill level 5 in Dodging
  4115 | D:4      | Found a staircase to the Ecumenical Temple.
  4191 | Temple   | Entered the Ecumenical Temple
  4196 | Temple   | Became a worshipper of Vehumet
  4372 | D:4      | Reached XP level 7. HP: 48/50 MP: 15/15
  4670 | D:5      | Entered Level 5 of the Dungeon
  5452 | D:5      | Found an ancient bone altar of Kikubaaqudgha.
  5754 | D:6      | Reached XP level 8. HP: 57/57 MP: 16/16
  6419 | D:6      | Reached * piety under Vehumet
  6419 | D:6      | Offered knowledge of Sting by Vehumet.
  6817 | D:6      | Reached skill level 7 in Stealth
  7239 | D:7      | Reached XP level 9. HP: 62/65 MP: 11/18
  7938 | D:7      | Reached skill level 5 in Short Blades
  8217 | D:7      | Noticed DEFE's ghost (novice DEEn)
  8232 | D:7      | Offered knowledge of Magic Dart by Vehumet.
  8260 | D:7      | Reached ** piety under Vehumet
  8271 | D:7      | Killed DEFE's ghost
  8271 | D:7      | Reached skill level 5 in Invocations
  8691 | D:8      | Identified a scroll of acquirement
  8707 | D:8      | Reached XP level 10. HP: 73/73 MP: 17/20
  8848 | D:8      | Found a staircase to the Lair.
  9616 | D:8      | Noticed a two-headed ogre
  9625 | D:8      | Killed a two-headed ogre
  9625 | D:8      | Reached skill level 5 in Fighting
  9625 | D:8      | Reached skill level 5 in Long Blades
  9625 | D:8      | Reached skill level 5 in Axes
  9625 | D:8      | Reached skill level 5 in Maces & Flails
  9625 | D:8      | Reached skill level 5 in Polearms
  9625 | D:8      | Reached skill level 5 in Staves
  9625 | D:8      | Reached skill level 5 in Slings
  9625 | D:8      | Reached skill level 5 in Bows
  9625 | D:8      | Reached skill level 5 in Crossbows
  9625 | D:8      | Reached skill level 5 in Throwing
  9625 | D:8      | Reached skill level 5 in Armour
  9625 | D:8      | Reached skill level 8 in Stealth
  9625 | D:8      | Reached skill level 5 in Shields
  9625 | D:8      | Reached skill level 5 in Unarmed Combat
  9625 | D:8      | Reached skill level 5 in Evocations
  9908 | D:8      | Noticed a two-headed ogre
  9916 | D:8      | Killed a two-headed ogre
 10440 | D:9      | Found a roughly hewn altar of Beogh.
 10440 | D:9      | Found a staircase to the Orcish Mines.
 10497 | D:9      | Offered knowledge of Throw Flame by Vehumet.
 10966 | D:9      | Reached *** piety under Vehumet
 11045 | D:9      | Reached XP level 11. HP: 65/80 MP: 22/22
 11214 | D:9      | Found a deep blue altar of Sif Muna.
 11216 | D:9      | Found an opulent altar of Gozag.
 11217 | D:9      | Found a snail-covered altar of Cheibriados.
 11217 | D:9      | Found a white marble altar of Elyvilon.
 11219 | D:9      | Found a sacrificial altar of Ru.
 11221 | D:9      | Found a hide-covered altar of Uskayaw.
 11221 | D:9      | Found a shattered altar of Ashenzari.
 11537 | D:10     | Entered Level 10 of the Dungeon
 11671 | D:10     | You fall through a shaft!
 11680 | D:11     | Noticed a two-headed ogre
 11684 | D:11     | Killed a two-headed ogre
 11684 | D:11     | Reached skill level 5 in Conjurations
 11684 | D:11     | Reached skill level 5 in Charms
 11684 | D:11     | Reached skill level 5 in Summonings
 11684 | D:11     | Reached skill level 5 in Necromancy
 11684 | D:11     | Reached skill level 5 in Translocations
 11684 | D:11     | Reached skill level 5 in Transmutations
 11684 | D:11     | Reached skill level 5 in Fire Magic
 11684 | D:11     | Reached skill level 5 in Ice Magic
 11684 | D:11     | Reached skill level 5 in Air Magic
 11684 | D:11     | Reached skill level 5 in Earth Magic
 11684 | D:11     | Reached skill level 5 in Poison Magic
 11712 | D:11     | Offered knowledge of Sticky Flame by Vehumet.
 11852 | D:11     | Noticed a cyclops
 11880 | D:11     | Killed a cyclops
 12564 | D:11     | Noticed a two-headed ogre
 12571 | D:11     | Killed a two-headed ogre
 12715 | D:11     | Noticed a red ugly thing
 12723 | D:11     | Killed a red ugly thing
 12854 | D:11     | Reached **** piety under Vehumet
 13275 | Lair:1   | Entered Level 1 of the Lair of Beasts
 13324 | Lair:1   | Reached skill level 9 in Stealth
 13419 | Lair:1   | Offered knowledge of Irradiate by Vehumet.
 13440 | Lair:1   | Reached XP level 12. HP: 83/88 MP: 24/24
 13585 | Lair:1   | Found a radiant altar of Vehumet.
 14315 | Lair:2   | Found a hole to the Spider Nest.
 14990 | Lair:3   | Noticed Gastronok
 14990 | Lair:3   | Noticed a four-headed hydra
 15158 | Lair:3   | Killed Gastronok
 15740 | Lair:4   | Found a dark tunnel.
 15747 | Volcano  | Entered a volcano
 15898 | Volcano  | Found a burning altar of Makhleb.
 15908 | Volcano  | Noticed a red draconian
 16011 | Volcano  | Killed a red draconian
 16074 | Volcano  | Got a polished helmet
 16075 | Volcano  | Identified the +0 helmet of Kaovaeno {Slay+4} (You found it in a volcano)
 16110 | Volcano  | Reached XP level 13. HP: 76/97 MP: 23/26
 16280 | Lair:4   | Found a frozen archway.
 16281 | Lair:4   | Noticed Kirke
 16324 | Lair:4   | Reached ***** piety under Vehumet
 16412 | IceCv    | Entered an ice cave
 16637 | IceCv    | Offered knowledge of Bolt of Magma by Vehumet.
 16673 | IceCv    | Learned a level 5 spell: Bolt of Magma
 16709 | IceCv    | Reached skill level 10 in Stealth
 17607 | IceCv    | Noticed a white draconian
 17943 | IceCv    | Killed a white draconian
 18126 | Lair:4   | Found a staircase to the Shoals.
 18840 | Lair:4   | Reached skill level 10 in Spellcasting
 18849 | Lair:4   | Killed Kirke
 18849 | Lair:4   | Offered knowledge of Poison Arrow by Vehumet.
 18849 | Lair:4   | Reached XP level 14. HP: 67/105 MP: 11/28
 18976 | Lair:4   | Learned a level 6 spell: Poison Arrow
 19592 | Lair:5   | Found a staircase to the Slime Pits.
 19592 | Lair:5   | Found a viscous altar of Jiyva.
 19834 | Lair:5   | Reached skill level 10 in Dodging
 20129 | Lair:6   | Entered Level 6 of the Lair of Beasts
 20129 | Lair:6   | Noticed 4thArraOfDagon's ghost (journeyman FeAr)
 20313 | Lair:6   | Killed 4thArraOfDagon's ghost
 20944 | Lair:6   | Reached skill level 10 in Invocations
 21335 | Lair:6   | Reached skill level 11 in Stealth
 21567 | Lair:6   | Found a runed door.
 21585 | Lair:6   | Offered knowledge of Lightning Bolt by Vehumet.
 22069 | Lair:6   | HP: 2/107 [catoblepas (19)]
 22475 | Lair:6   | Reached XP level 15. HP: 113/113 MP: 26/29
 22737 | Lair:6   | Reached skill level 10 in Short Blades
 24485 | D:13     | Offered knowledge of Bolt of Fire by Vehumet.
 24496 | D:13     | Learned a level 6 spell: Bolt of Fire
 24543 | D:13     | Reached skill level 10 in Hexes
 24690 | D:13     | Found a gate to the Vaults.
 25004 | D:13     | Reached skill level 10 in Fighting
 25004 | D:13     | Reached skill level 10 in Long Blades
 25004 | D:13     | Reached skill level 10 in Axes
 25004 | D:13     | Reached skill level 10 in Maces & Flails
 25004 | D:13     | Reached skill level 10 in Polearms
 25004 | D:13     | Reached skill level 10 in Staves
 25004 | D:13     | Reached skill level 10 in Slings
 25004 | D:13     | Reached skill level 10 in Bows
 25004 | D:13     | Reached skill level 10 in Crossbows
 25004 | D:13     | Reached skill level 10 in Throwing
 25004 | D:13     | Reached skill level 10 in Armour
 25004 | D:13     | Reached skill level 10 in Shields
 25004 | D:13     | Reached skill level 10 in Unarmed Combat
 25004 | D:13     | Reached skill level 10 in Evocations
 25624 | D:14     | Found Bupiosos's Weapon Shoppe.
 27008 | D:15     | Entered Level 15 of the Dungeon
 27008 | D:15     | Found a staircase to the Depths.
 27008 | D:15     | Noticed a fire giant
 27008 | D:15     | Noticed Agnes
 27014 | D:14     | HP: 5/114 [tengu warrior/great sword of holy wrath[a tengu warrior] (2)]
 27406 | D:15     | Found a sacrificial altar of Ru.
 27449 | D:15     | Noticed Nessos
 27454 | D:15     | Noticed Rupert
 27460 | D:15     | Killed Nessos
 27466 | D:15     | Reached XP level 16. HP: 115/122 MP: 28/31
 27810 | D:15     | Killed Rupert
 28424 | Depths:1 | Entered Level 1 of the Depths
 28426 | Depths:1 | Got a smoking brass ring
 28428 | Depths:1 | Got a glittering wooden ring
 28434 | D:15     | Identified the ring of Secrets {*Corrode rF+++ Dex+3 SInv} (You acquired it on level 1 of the Depths)
 28435 | D:15     | Identified the ring "Saaliupi" {*Slow rPois Int+4 SInv} (You acquired it on level 1 of the Depths)
 28765 | Orc:1    | Entered Level 1 of the Orcish Mines
 28884 | Orc:1    | Noticed Urug
 28891 | Orc:1    | Killed Urug
 28912 | Orc:1    | Offered knowledge of Spellforged Servitor by Vehumet.
 28959 | Orc:1    | Learned a level 7 spell: Spellforged Servitor
 29081 | Orc:2    | Entered Level 2 of the Orcish Mines
 29919 | Orc:2    | Reached skill level 12 in Stealth
 30361 | Orc:2    | Found Goytosed's Magic Scroll Shop.
 30407 | Orc:2    | Found Ruehiere's Magic Scroll Boutique.
 30494 | Orc:2    | Bought a scroll of identify for 20 gold pieces
 30494 | Orc:2    | Bought a scroll of blinking for 75 gold pieces
 30494 | Orc:2    | Bought 3 scrolls of identify for 60 gold pieces
 30494 | Orc:2    | Bought 2 scrolls of teleportation for 60 gold pieces
 30777 | Orc:2    | Found a staircase to the Elven Halls.
 30814 | Orc:2    | Found a radiant altar of Vehumet.
 30957 | Orc:2    | Offered knowledge of Iron Shot by Vehumet.
 31352 | Orc:2    | Found Xonuxoshre's Book Emporium.
 31352 | Orc:2    | Found Souman's Antique Armour Shoppe.
 31359 | Orc:2    | Found a one-way gate leading to the halls of Pandemonium.
 31374 | Orc:2    | Bought a bloodstained robe for 119 gold pieces
 31374 | Orc:2    | Found the bloodstained robe
 31374 | Orc:2    | Bought a pair of embroidered boots for 157 gold pieces
 31396 | Orc:2    | Identified the cursed -5 robe of Misfortune {-Cast *Contam *Tele *Drain EV-5 Stlth-- *Curse} (You bought it in a shop on level 2 of the Orcish Mines)
 31410 | Orc:2    | Learned a level 6 spell: Iron Shot
 31777 | Shoals:1 | Entered Level 1 of the Shoals
 32922 | Shoals:2 | Noticed Nikola
 33494 | Shoals:2 | Killed from afar by a frost giant

Vault maps used:
D:1:      ncdulo_wetmaze, dk_noncrumbling_3, minmay_misc_feat_tower
D:2:      old_standard_altar, amethyst_overflow_temple_binary, first_ration,
          chequers_ecumenical_altar_simple
D:3:      cheibrodos_sewer_entry_sluice, roderic_roman_lattice,
          kennysheep_cluttered_room, guppyfry_early_orc_mine
D:4:      minmay_temple_entry_junction
D:5:      lemuel_zombie_altar_kikubaaqudgha, minivault_5
D:6:      grunt_ministairs_4
D:8:      lair_entry_dummy, grunt_ogre_cave, minmay_mini_ossuary
D:9:      grunt_temple_overflow_open, david_orc_5
D:13:     erik_vaults_1, hangedman_decor_growths
D:14:     serial_shops, shop
D:15:     grunt_enter_depths_giant_problem, nicolae_ru_sacrificial_ziggurat,
          uniq_agnes, uniq_rupert, uniq_nessos
Temple:   minmay_freezing_vapour_temple
Lair:1:   wad_woods_stonehenge, serial_bayou_shore_b, grunt_megastairs_1
Lair:2:   dummy_spider_entry, fungi_pond_lemuel, minmay_lair_oklob_chamber,
          grunt_megastairs_3
Lair:3:   grunt_megastairs_2, uniq_gastronok
Lair:4:   minmay_shoals_entry_centaurs, portal_ice_cave_entry_ice_beasts,
          enter_volcano_2, uniq_kirke
Lair:5:   slime_altar_1, serial_bayou_shore_b, serial_bayou_shore_a
Lair:6:   wormcave, hangedman_lair_in_review
Shoals:2: st_cyclops, uniq_nikola
Orc:1:    guppyfry_library_mini, uniq_urug
Orc:2:    pf_orc_diabolical, basic_altar
Depths:1: grunt_mini_vestibule, hangedman_abyss_entry_splay,
          serial_bayou_pond_c, nicolae_island_escapes,
          kennysheep_random_hallway, minmay_shop_grove
Sewer:    sewer_fruit_machine
IceCv:    ice_cave_caverns_01
Volcano:  kennysheep_volcano_temple

Skill      XL: |  1  2  3  4  5  6  7  8  9 10 11 12 13 14 15 16 |
---------------+-------------------------------------------------+-----
Spellcasting   | 5 6 7 8 9 10 11 | 11.9
Stealth        | 6 7 8 9 10 11 12 | 12.2
Invocations    | 1 2 3 4 5 6 7 8 9 10 11 | 11.8
Fighting       | 1 2 3 4 5 6 7 8 9 10 | 10.9
Long Blades    | 1 2 3 4 5 6 7 8 9 10 | 10.9
Axes           | 1 2 3 4 5 6 7 8 9 10 | 10.9
Maces & Flails | 1 2 3 4 5 6 7 8 9 10 | 10.9
Polearms       | 1 2 3 4 5 6 7 8 9 10 | 10.9
Staves         | 1 2 3 4 5 6 7 8 9 10 | 10.9
Slings         | 1 2 3 4 5 6 7 8 9 10 | 10.9
Bows           | 1 2 3 4 5 6 7 8 9 10 | 10.9
Crossbows      | 1 2 3 4 5 6 7 8 9 10 | 10.9
Throwing       | 1 2 3 4 5 6 7 8 9 10 | 10.9
Armour         | 1 2 3 4 5 6 7 8 9 10 | 10.9
Shields        | 1 2 3 4 5 6 7 8 9 10 | 10.9
Unarmed Combat | 1 2 3 4 5 6 7 8 9 10 | 10.9
Evocations     | 1 2 3 4 5 6 7 8 9 10 | 10.9
Conjurations   | 1 2 3 4 5 6 7 8 9 |  9.3
Charms         | 1 2 3 4 5 6 7 8 9 |  9.3
Summonings     | 1 2 3 4 5 6 7 8 9 |  9.3
Necromancy     | 1 2 3 4 5 6 7 8 9 |  9.3
Translocations | 1 2 3 4 5 6 7 8 9 |  9.3
Transmutations | 1 2 3 4 5 6 7 8 9 |  9.3
Fire Magic     | 1 2 3 4 5 6 7 8 9 |  9.3
Ice Magic      | 1 2 3 4 5 6 7 8 9 |  9.3
Air Magic      | 1 2 3 4 5 6 7 8 9 |  9.3
Earth Magic    | 1 2 3 4 5 6 7 8 9 |  9.3
Poison Magic   | 1 2 3 4 5 6 7 8 9 |  9.3
Short Blades   | 3 4 5 6 7 8 9 10 11 | 11.2
Dodging        | 5 6 7 8 9 10 11 | 11.7
Hexes          | 6 7 8 9 10 | 10.7

Action                   |  1- 3 |  4- 6 |  7- 9 | 10-12 | 13-15 | 16-18 || total
-------------------------+-------+-------+-------+-------+-------+-------++-------
Melee: Dagger            |    80 |   181 |   295 |   390 |   839 |   458 ||  2243
       Bite              |     2 |    16 |    26 |    36 |   111 |    40 ||   231
       Punch             |       |     1 |     1 |    11 |    28 |    14 ||    55
       Hand axe          |       |       |     9 |    47 |    80 |       ||   136
 Cast: Ensorcelled Hiber |    20 |    40 |    69 |   143 |   237 |   160 ||   669
       Corona            |     1 |       |     5 |     2 |     5 |     3 ||    16
       Confuse           |       |     2 |    36 |    43 |   161 |    61 ||   303
       Bolt of Magma     |       |       |       |       |    27 |     2 ||    29
       Poison Arrow      |       |       |       |       |    19 |    20 ||    39
       Bolt of Fire      |       |       |       |       |     4 |     2 ||     6
       Iron Shot         |       |       |       |       |       |     3 ||     3
 Abil: Stop Flying       |       |       |       |       |     1 |       ||     1
       Evoke Flight      |       |       |       |       |       |     1 ||     1
Evoke: Wand              |       |       |       |       |     1 |       ||     1
  Use: Scroll            |       |     2 |     9 |     3 |    24 |    15 ||    53
       Potion            |       |       |       |       |     2 |     1 ||     3
 Stab: Sleeping          |    21 |    35 |    47 |   108 |   180 |    89 ||   480
       Distracted        |       |     1 |       |       |     2 |       ||     3
       Confused          |       |       |    17 |    18 |    65 |    15 ||   115
       Invisible         |       |       |       |       |    13 |       ||    13
  Eat: Chunk             |     4 |     8 |    11 |    32 |    39 |    15 ||   109
       Ration            |       |       |     1 |       |     2 |     3 ||     6
Armor: Robe              |    15 |    56 |    73 |    80 |   233 |    91 ||   548
Dodge: Dodged            |    72 |   144 |   209 |   285 |   717 |   387 ||  1814
       Deflected         |       |       |       |     7 |       |       ||     7
Block: Buckler           |       |       |       |       |       |    37 ||    37

Table legend:
 A = Spawn XP
 B = Non-spawn XP
 C = Spawn XP percentage of total XP
 D = Spawn monster count
 E = Non-spawn monster count
 F = Spawn count percentage of total count
 G = Total turns spent on level
                    A         B        C        D         E        F      G
               +---------+---------+-------+---------+---------+-------+---------
         Total |       0 |  174498 |   0.0 |       0 |     851 |   0.0 | 33494
               +---------+---------+-------+---------+---------+-------+---------
           D:1 |       0 |      50 |   0.0 |       0 |      26 |   0.0 |  1432
           D:2 |       0 |      32 |   0.0 |       0 |      11 |   0.0 |   689
           D:3 |       0 |     162 |   0.0 |       0 |      35 |   0.0 |  1211
           D:4 |       0 |     482 |   0.0 |       0 |      13 |   0.0 |   763
           D:5 |       0 |     227 |   0.0 |       0 |      15 |   0.0 |   958
           D:6 |       0 |    1362 |   0.0 |       0 |      29 |   0.0 |  1821
           D:7 |       0 |    2259 |   0.0 |       0 |      26 |   0.0 |  1225
           D:8 |       0 |    3028 |   0.0 |       0 |      35 |   0.0 |  2072
           D:9 |       0 |    2148 |   0.0 |       0 |      31 |   0.0 |  1062
          D:10 |       0 |    1121 |   0.0 |       0 |       7 |   0.0 |   710
          D:11 |       0 |    4694 |   0.0 |       0 |      26 |   0.0 |  1065
          D:12 |       0 |    8102 |   0.0 |       0 |      36 |   0.0 |  1101
          D:13 |       0 |   11523 |   0.0 |       0 |      57 |   0.0 |  1440
          D:14 |       0 |   10619 |   0.0 |       0 |      30 |   0.0 |  1838
          D:15 |       0 |   16952 |   0.0 |       0 |      27 |   0.0 |   972
        Lair:1 |       0 |    3804 |   0.0 |       0 |      20 |   0.0 |   980
        Lair:2 |       0 |    2130 |   0.0 |       0 |      10 |   0.0 |   647
        Lair:3 |       0 |    6919 |   0.0 |       0 |      22 |   0.0 |  1140
        Lair:4 |       0 |   10087 |   0.0 |       0 |      37 |   0.0 |  1399
        Lair:5 |       0 |    4279 |   0.0 |       0 |      20 |   0.0 |  1050
        Lair:6 |       0 |   30699 |   0.0 |       0 |      88 |   0.0 |  2589
      Shoals:1 |       0 |    7129 |   0.0 |       0 |      20 |   0.0 |  1606
      Shoals:2 |       0 |    2673 |   0.0 |       0 |       5 |   0.0 |   111
         Orc:1 |       0 |    2669 |   0.0 |       0 |      26 |   0.0 |   641
         Orc:2 |       0 |   23101 |   0.0 |       0 |     118 |   0.0 |  2231
         Sewer |       0 |      55 |   0.0 |       0 |      15 |   0.0 |   564
         IceCv |       0 |   13146 |   0.0 |       0 |      58 |   0.0 |  1708
       Volcano |       0 |    5046 |   0.0 |       0 |       8 |   0.0 |   449
               +---------+---------+-------+---------+---------+-------+---------
